 Dungeon Crawl Stone Soup version 0.20.1-1-g8b1a95d (webtiles) character file.

1794 Monsterracer the Chopper (level 8, -3/65 HPs)
             Began as a Demonspawn Gladiator on Aug 10, 2017.
             Was a Follower of Qazlal.
             Slain by a two-headed ogre
             ... wielding a +0 giant club
              (22 damage)
             ... on level 8 of the Dungeon.
             The game lasted 00:10:19 (5591 turns).

Monsterracer the Chopper (Demonspawn Gladiator)     Turns: 5591, Time: 00:10:20

Health: -3/65      AC: 14    Str: 16    XL:     8   Next: 82%
Magic:  10/10      EV:  9    Int: 10    God:    Qazlal [*.....]
Gold:   390        SH:  1    Dex: 15    Spells: 5/7 levels left

rFire    + . .     SeeInvis .   a - +9 broad axe "Cyptoaxt" {pain, rF+}
rCold    . . .     Gourm    .   (no shield)
rNeg     . . .     Faith    .   o - +0 chain mail
rPois    .         Spirit   .   (helmet restricted)
rElec    .         Reflect  .   s - +1 cloak
rCorr    .         Harm     .   (no gloves)
MR       .....                  (no boots)
Stlth    ..........             l - amulet of regeneration
Regen    0.6/turn               x - ring of loudness (curse)
MPRegen  0.2/turn               (no ring)

@: no status effects
A: horns 1, molten scales 2
a: Renounce Religion


You were on level 8 of the Dungeon.
You worshipped Qazlal.
Qazlal was aware of your devotion.
You were hungry.

You visited 2 branches of the dungeon, and saw 9 of its levels.

You collected 390 gold pieces.

Inventory:

Hand Weapons
 a - the +9 broad axe "Cyptoaxt" (weapon) {pain, rF+}
   (You acquired it on level 7 of the Dungeon)

   In the hands of one skilled in necromantic magic, it inflicts extra damage on
   living creatures.
   It protects you from fire.
 b - a +0 trident of venom
Missiles
 d - 4 throwing nets (quivered)
Armour
 n - a +0 buckler
 o - a +0 chain mail (worn)
 s - a +1 cloak (worn)
Jewellery
 l - an amulet of regeneration (around neck)
 x - a cursed ring of loudness (left hand)
Wands
 u - a wand of lightning (9/15)
 w - a wand of confusion (43/48)
Scrolls
 c - 2 scrolls of recharging
 e - 3 scrolls of remove curse
 i - a scroll of enchant weapon
 p - 2 scrolls of teleportation
 r - 2 scrolls of fog
 y - a scroll of magic mapping
 C - a scroll of identify
Potions
 h - a potion of brilliance
 j - a potion of might
 k - a potion of curing
 m - 2 potions of lignification
 t - a potion of mutation
 v - 2 potions of berserk rage
 z - a potion of flight {unknown}
 A - a potion of magic {unknown}
 B - a potion of invisibility
Comestibles
 f - 6 bread rations
 g - 2 royal jellies
 q - a meat ration


   Skills:
 * Level 6.3 Fighting
 * Level 6.6 Axes
 - Level 1.7 Throwing
 + Level 3.4 Armour
 + Level 5.4 Dodging
 + Level 3.2 Invocations


You had 5 spell levels left.
You knew the following spells:

 Your Spells              Type           Power        Failure   Level  Hunger
a - Animate Skeleton      Necr           N/A          100%        1    ##.....
z - Apportation           Tloc           #.....       100%        1    ##.....


Dungeon Overview and Level Annotations

Branches:
Dungeon (8/15)             Temple (1/1) D:6
   Lair: D:8-11

Altars:
Ashenzari
Cheibriados
Elyvilon
Gozag
Hepliaklqana
Makhleb
Nemelex Xobeh
Qazlal
Trog
Vehumet
Zin


Innate Abilities, Weirdness & Mutations

You have a pair of small horns on your head.
You are mostly covered in molten scales. (AC +3)


Message History

You slash the two-headed ogre!
The two-headed ogre is moderately wounded.
The two-headed ogre hits you with a giant club!
The two-headed ogre hits you but does no damage.
Huge Dmg: -22%(-14hp) hp: 51%(33hp) Unknown command.
The orc priest invokes the aid of Beogh against you.
Beogh smites you!
* * * LOW HITPOINT WARNING * * *
Huge Dmg: -25%(-16hp) hp: 28%(18hp)
You hear a howl!
You hear a shout! x3; You hear a loud, deep croak!
You see here a dagger.
The orc priest complains noisily.
The orc priest invokes the aid of Beogh against you.
Beogh smites you!
* * * LOW HITPOINT WARNING * * *
Huge Dmg: -23%(-15hp) hp: 17%(11hp)
You feel better.
The two-headed ogre hits you with a giant club!!
You die...

# ########..#.### #
##..<..........######## #
####.....###..#[.......... #
#.............###.######## #
#.##.....###.## #.#### #
#.###...## #.## #...^# #
#.####.## #..# ####.# #
#.##...# #.# #.# # #.##.###
#@# #.# # #.##.# #O# #.#
####.##.# #h# #.# #....##.#
######.######.#
.>...##.###.....o.....#.######
.....##.##.....(.............#
.....##.#........####.#.####.#
#...###.#.......## #.#.# #####
###.......#####.#.#


You could see a two-headed ogre, a warg and an orc priest.

Vanquished Creatures
  A warg (D:8)
  An orc warrior (D:6)
  An ogre (D:6)
  3 centaurs (D:7)
  A gnoll sergeant (D:6)
  Blork the orc (D:6)
  2 scorpions (D:7)
  4 howler monkeys
  A crimson imp (D:6)
  A centaur skeleton (D:8)
  A hound (D:6)
  2 orc wizards (D:4)
  A jelly (D:6)
  A gnoll shaman (D:7)
  5 iguanas
  Terence (D:2)
  5 worker ants
  A statue (D:7)
  A killer bee zombie (D:7)
  A worker ant zombie (D:7)
  16 gnolls
  4 adders
  3 shadow imps
  2 adder zombies
  A worm (D:4)
  3 dart slugs
  7 leopard geckos
  18 orcs
  2 ball pythons
  4 giant cockroaches
  5 goblins
  8 hobgoblins
  5 jackals (D:1)
  6 kobolds
  2 quokkas (D:6)
  4 bats
  2 frilled lizards (D:1)
  A jackal skeleton (D:7)
  A leopard gecko zombie (D:7)
  A quokka skeleton (D:7)
  4 rats
134 creatures vanquished.

Notes
Turn   | Place    | Note
-------+----------+-------------------------------------------
     0 | D:1      | Monsterracer the Demonspawn Gladiator began the quest for the Orb.
     0 | D:1      | Reached XP level 1. HP: 16/16 MP: 1/1
   127 | D:1      | Gained mutation: You are partially covered in molten scales. (AC +2) [demonic ancestry]
   127 | D:1      | Reached XP level 2. HP: 16/22 MP: 2/2
   713 | D:1      | Reached XP level 3. HP: 28/28 MP: 3/3
  1019 | D:2      | Noticed Terence
  1027 | D:2      | Killed Terence
  1206 | D:2      | Reached XP level 4. HP: 34/34 MP: 4/4
  1875 | D:2      | Found a faded altar of an unknown god.
  1969 | D:2      | HP: 6/34 [gnoll/flail (13)]
  1987 | D:2      | Reached skill level 1 in Armour
  1992 | D:2      | HP: 3/34 [gnoll (6)]
  2750 | D:5      | Entered Level 5 of the Dungeon
  2752 | D:5      | Gained mutation: You are mostly covered in molten scales. (AC +3) [demonic ancestry]
  2752 | D:5      | Reached XP level 5. HP: 30/41 MP: 5/5
  2994 | D:4      | Reached XP level 6. HP: 42/47 MP: 6/6
  2997 | D:4      | Learned a level 1 spell: Apportation
  3232 | D:4      | Found a hazy altar of Hepliaklqana.
  3234 | D:4      | Found a bloodstained altar of Trog.
  3523 | D:5      | HP: 20/48 [gnoll/halberd of chopping (5)]
  3810 | D:6      | Noticed an orc warrior
  3837 | D:6      | Killed an orc warrior
  3837 | D:6      | Reached skill level 5 in Axes
  3837 | D:6      | Reached XP level 7. HP: 44/55 MP: 7/7
  4038 | D:6      | Noticed Blork the orc
  4055 | D:6      | Killed Blork the orc
  4123 | D:6      | Reached skill level 5 in Fighting
  4474 | D:6      | Found a staircase to the Ecumenical Temple.
  4479 | Temple   | Entered the Ecumenical Temple
  4490 | Temple   | Became a worshipper of Qazlal Stormbringer
  4600 | D:6      | HP: 26/56 [gnoll sergeant/trident of venom (5)]
  4606 | D:6      | Gained mutation: You have a pair of small horns on your head. [demonic ancestry]
  4606 | D:6      | Reached XP level 8. HP: 29/62 MP: 8/8
  4606 | D:6      | HP: 28/62 [poisoned by a gnoll sergeant]
  4614 | D:6      | HP: 30/62 [poisoned by a gnoll sergeant]
  4687 | D:7      | Reached skill level 1 in Invocations
  4801 | D:7      | Reached skill level 5 in Dodging
  4824 | D:7      | HP: 30/64 [killer bee zombie (4)]
  4892 | D:7      | Identified a scroll of acquirement
  4895 | D:7      | Got an iridescent broad axe
  4896 | D:7      | Identified the +9 broad axe "Cyptoaxt" {pain, rF+} (You acquired it on level 7 of the Dungeon)
  4950 | D:4      | Learned a level 1 spell: Animate Skeleton
  5056 | D:7      | Found a glowing silver altar of Zin.
  5177 | D:7      | Found a burning altar of Makhleb.
  5258 | D:7      | Found a radiant altar of Vehumet.
  5345 | D:7      | Found an opulent altar of Gozag.
  5346 | D:7      | Found a sparkling altar of Nemelex Xobeh.
  5550 | D:8      | Noticed a two-headed ogre
  5568 | D:8      | Reached * piety under Qazlal
  5573 | D:8      | HP: 18/65 [orc priest/divine providence (17)]
  5587 | D:8      | HP: 11/65 [orc priest/divine providence (15)]
  5591 | D:8      | Slain by a two-headed ogre

Skill      XL: |  1  2  3  4  5  6  7  8 |
---------------+-------------------------+-----
Dodging        | 3 4 5 |  5.4
Axes           | 3 4 5 6 |  6.6
Armour         | 1 2 3 |  3.4
Fighting       | 3 4 5 6 |  6.3
Invocations    | 3 |  3.2
Throwing       | |  1.7

Action                   |  1- 3 |  4- 6 |  7- 9 || total
-------------------------+-------+-------+-------++-------
Melee: War axe           |    92 |   195 |   147 ||   434
       Broad axe         |       |       |    32 ||    32
       Headbutt          |       |       |    22 ||    22
Throw: Throwing net      |       |     1 |       ||     1
  Use: Scroll            |       |    14 |     6 ||    20
       Potion            |       |       |     2 ||     2
 Stab: Sleeping          |     1 |       |       ||     1
       Held in net/web   |       |     1 |       ||     1
  Eat: Chunk             |     1 |     9 |     5 ||    15
Armor: Leather armour    |    16 |       |       ||    16
       Ring mail         |     6 |    81 |       ||    87
       Scale mail        |       |    38 |       ||    38
       Chain mail        |       |       |   157 ||   157
Dodge: Dodged            |    79 |   153 |   119 ||   351
